BR
LONG BEACH KO @ SANTA CLARITA MUSIC
08/11/2027
 
TOP OF THE 1ST
Long Beach KO batting - Pitching for Santa Clarita Music : LHP Tony Sandoval
Pitching: LHP Tony Sandoval
Batting: RHB Carlos Sánchez 0-0: Called Strike
0-1: Ball
1-1: Called Strike
1-2: Ball
2-2: Foul Ball, location: 2F
2-2: Strikes out looking
Batting: RHB Pedro Lara 0-0: Ball
1-0: Called Strike
1-1: Ground out 6-3 (Groundball, 6)
Batting: LHB Miguel Gálvez 0-0: Fly out, F8 (Flyball, 8LM)
Top of the 1st over - 0 run(s), 0 hit(s), 0 error(s), 0 left on base; Long Beach 0 - Santa Clarita 0
BOTTOM OF THE 1ST
Santa Clarita Music batting - Pitching for Long Beach KO : RHP Juan Rodríguez
Pitching: RHP Juan Rodríguez
Batting: RHB Rickey Núñez 0-0: Called Strike
0-1: Called Strike
0-2: Strikes out swinging
Batting: RHB Juan Morales 0-0: Called Strike
0-1: Swinging Strike
0-2: Strikes out swinging
Batting: LHB Héctor Santos 0-0: Ball
1-0: Called Strike
1-1: Ball
2-1: Foul Ball, location: 2F
2-2: Ball
3-2: Base on Balls
Batting: SHB Mathew Olson 0-0: Ball
1-0: Foul Ball, location: 2F
1-1: Ball
2-1: Ball
3-1: Foul Ball, location: 2F
3-2: Ground out U3 (Groundball, 34S)
Bottom of the 1st over - 0 run(s), 0 hit(s), 0 error(s), 1 left on base; Long Beach 0 - Santa Clarita 0
TOP OF THE 2ND
Long Beach KO batting - Pitching for Santa Clarita Music : LHP Tony Sandoval
Batting: RHB Ben Simpson 0-0: Foul Ball, location: 2F
0-1: Ball
1-1: Swinging Strike
1-2: Ball
2-2: Foul Ball, location: 2F
2-2: Ball
3-2: Fly out, F8 (Flyball, 8LD)
Batting: RHB Scott Wise 0-0: Ball
1-0: Ground out 5-3 (Groundball, 5S)
Batting: RHB José González 0-0: Ball
1-0: Ball
2-0: SINGLE (Groundball, 6D)
Batting: SHB Ángel Estrada 0-0: Foul Ball, location: 2F
0-1: Ball
1-1: Ball
2-1: SINGLE (Groundball, 6) (infield hit)
José González to second
Batting: LHB Walt Brown 0-0: Ball
1-0: Ball
2-0: Fly out, F8 (Flyball, 8LM)
Top of the 2nd over - 0 run(s), 2 hit(s), 0 error(s), 2 left on base; Long Beach 0 - Santa Clarita 0
BOTTOM OF THE 2ND
Santa Clarita Music batting - Pitching for Long Beach KO : RHP Juan Rodríguez
Batting: RHB António Martínez 0-0: Ball
1-0: Called Strike
1-1: Foul Ball, location: 2F
1-2: Foul Ball, location: 2F
1-2: Ball
2-2: Foul Ball, location: 2F
2-2: SINGLE (Groundball, 4M) (infield hit)
Batting: RHB Justin Geoghegan 0-0: Ball
1-0: Ball
2-0: Ball
3-0: Base on Balls
António Martínez to second
Batting: SHB Robbie Rhodes 0-0: Fielders Choice at 2nd, 3-6 (Groundball, 34)
António Martínez to third
Batting: RHB Jake Belcher 0-0: Ball
1-0: Ball
2-0: Foul Ball, location: 2F
2-1: SINGLE (Line Drive, 78S)
António Martínez scores
Robbie Rhodes to second
Batting: RHB Tony Collier 0-0: Foul Ball, location: 2F
0-1: Swinging Strike
0-2: Strikes out swinging
Batting: RHB Rickey Núñez 0-0: Foul Ball, location: 2F
0-1: Ball
1-1: Fly out, F8 (Flyball, 89M)
Bottom of the 2nd over - 1 run(s), 2 hit(s), 0 error(s), 2 left on base; Long Beach 0 - Santa Clarita 1
TOP OF THE 3RD
Long Beach KO batting - Pitching for Santa Clarita Music : LHP Tony Sandoval
Batting: RHB Domynguos Tabucchi 0-0: Ball
1-0: Ball
2-0: Foul Ball, location: 2F
2-1: Ball
3-1: Foul Ball, location: 2F
3-2: Strikes out swinging
Batting: RHB Carlos Sánchez 0-0: Ball
1-0: Foul Ball, location: 2F
1-1: Foul Ball, location: 2F
1-2: Ball
2-2: Fly out, F4 (Popup, 3D)
Batting: RHB Pedro Lara 0-0: SINGLE (Line Drive, 7S)
Batting: LHB Miguel Gálvez 0-0: Fly out, F4 (Popup, 4D)
Top of the 3rd over - 0 run(s), 1 hit(s), 0 error(s), 1 left on base; Long Beach 0 - Santa Clarita 1
BOTTOM OF THE 3RD
Santa Clarita Music batting - Pitching for Long Beach KO : RHP Juan Rodríguez
Batting: RHB Juan Morales 0-0: Ball
1-0: Called Strike
1-1: Ball
2-1: Ball
3-1: Called Strike
3-2: Base on Balls
Batting: LHB Héctor Santos 0-0: Ball
1-0: Ball
2-0: Called Strike
2-1: Ball
3-1: Fly out, F3 (Popup, 3S)
Batting: SHB Mathew Olson 0-0: Called Strike
0-1: Reached on error, E4 (Groundball, 4)
Juan Morales to second
Batting: RHB António Martínez 0-0: Called Strike
0-1: Foul Ball, location: 2F
0-2: Ball
1-2: Strikes out looking
Pitching: RHP Bret Oliver
Batting: RHB Justin Geoghegan 0-0: Called Strike
0-1: Ball
1-1: Ball
2-1: Swinging Strike
2-2: Ball
3-2: Strikes out swinging
Bottom of the 3rd over - 0 run(s), 0 hit(s), 1 error(s), 2 left on base; Long Beach 0 - Santa Clarita 1
TOP OF THE 4TH
Long Beach KO batting - Pitching for Santa Clarita Music : LHP Tony Sandoval
Batting: RHB Ben Simpson 0-0: Fly out, F4 (Line Drive, 4)
Batting: RHB Scott Wise 0-0: Ball
1-0: Foul Ball, location: 2F
1-1: Foul Ball, location: 2F
1-2: Foul Ball, location: 2F
1-2: Foul Ball, location: 2F
1-2: Strikes out swinging
Batting: RHB José González 0-0: Ground out 5-3 (Groundball, 56S)
Top of the 4th over - 0 run(s), 0 hit(s), 0 error(s), 0 left on base; Long Beach 0 - Santa Clarita 1
BOTTOM OF THE 4TH
Santa Clarita Music batting - Pitching for Long Beach KO : RHP Bret Oliver
Batting: SHB Robbie Rhodes 0-0: Foul Ball, location: 2F
0-1: Ball
1-1: Ball
2-1: Ground out U3 (Groundball, 3L)
Batting: RHB Jake Belcher 0-0: Foul Ball, location: 2F
0-1: Ball
1-1: Called Strike
1-2: Foul Ball, location: 2F
1-2: Ball
2-2: DOUBLE (Line Drive, 8LD)
Batting: RHB Tony Collier 0-0: Ball
1-0: Called Strike
1-1: Called Strike
1-2: Strikes out swinging
Batting: RHB Rickey Núñez 0-0: Ball
1-0: Ball
2-0: Foul Ball, location: 2F
2-1: Ball
3-1: Called Strike
3-2: SINGLE (Line Drive, 34D)
Jake Belcher to third
Jake Belcher scores
Batting: RHB Juan Morales 0-0: Ball
1-0: Fly out, F4 (Popup, 4D)
Bottom of the 4th over - 1 run(s), 2 hit(s), 0 error(s), 1 left on base; Long Beach 0 - Santa Clarita 2
TOP OF THE 5TH
Long Beach KO batting - Pitching for Santa Clarita Music : LHP Tony Sandoval
Batting: SHB Ángel Estrada 0-0: Swinging Strike
0-1: Called Strike
0-2: Foul Ball, location: 2F
0-2: Ball
1-2: Ball
2-2: Strikes out swinging
Batting: LHB Walt Brown 0-0: Foul Ball, location: 2F
0-1: Ball
1-1: Called Strike
1-2: Strikes out swinging
Batting: RHB Domynguos Tabucchi 0-0: Ball
1-0: Ball
2-0: Called Strike
2-1: Foul Ball, location: 2F
2-2: Foul Ball, location: 2F
2-2: Strikes out swinging
Top of the 5th over - 0 run(s), 0 hit(s), 0 error(s), 0 left on base; Long Beach 0 - Santa Clarita 2
BOTTOM OF THE 5TH
Santa Clarita Music batting - Pitching for Long Beach KO : RHP Bret Oliver
Batting: LHB Héctor Santos 0-0: Foul Ball, location: 2F
0-1: Foul Ball, location: 2F
0-2: Fly out, F7 (Flyball, 7LS)
Batting: SHB Mathew Olson 0-0: Called Strike
0-1: Ground out U3 (Groundball, 3L)
Batting: RHB António Martínez 0-0: Foul Ball, location: 2F
0-1: Ball
1-1: Foul Ball, location: 2F
1-2: Ball
2-2: Foul Ball, location: 2F
2-2: Ball
3-2: Foul Ball, location: 2F
3-2: Base on Balls
Pitching: RHP Will Robinson
Batting: RHB Justin Geoghegan 0-0: Called Strike
António Martínez steals 2nd base
0-1: Foul Ball, location: 2F
0-2: Foul Ball, location: 2F
0-2: Foul Ball, location: 2F
0-2: Ball
1-2: Ball
2-2: Fly out, F7 (Line Drive, 78S)
Bottom of the 5th over - 0 run(s), 0 hit(s), 0 error(s), 1 left on base; Long Beach 0 - Santa Clarita 2
TOP OF THE 6TH
Long Beach KO batting - Pitching for Santa Clarita Music : LHP Tony Sandoval
Batting: RHB Carlos Sánchez 0-0: Ball
1-0: Fly out, F7 (Flyball, 7)
Batting: RHB Pedro Lara 0-0: Called Strike
0-1: Ball
1-1: Foul Ball, location: 2F
1-2: Ball
2-2: Fly out, F7 (Line Drive, 78M)
Batting: LHB Miguel Gálvez 0-0: Ball
1-0: Foul Ball, location: 2F
1-1: Swinging Strike
1-2: Strikes out swinging
Top of the 6th over - 0 run(s), 0 hit(s), 0 error(s), 0 left on base; Long Beach 0 - Santa Clarita 2
BOTTOM OF THE 6TH
Santa Clarita Music batting - Pitching for Long Beach KO : RHP Will Robinson
Batting: SHB Robbie Rhodes 0-0: Ball
1-0: SINGLE (Groundball, 4MD)
Batting: RHB Jake Belcher 0-0: Ball
Pickoff Throw by Catcher to First - Out!
1-0: Fly out, F7 (Line Drive, 7LM)
Batting: RHB Tony Collier 0-0: Ball
1-0: Called Strike
1-1: Called Strike
1-2: Strikes out swinging
Bottom of the 6th over - 0 run(s), 1 hit(s), 0 error(s), 0 left on base; Long Beach 0 - Santa Clarita 2
TOP OF THE 7TH
Long Beach KO batting - Pitching for Santa Clarita Music : LHP Tony Sandoval
Batting: RHB Ben Simpson 0-0: Ball
1-0: Called Strike
1-1: Swinging Strike
1-2: Ball
2-2: Foul Ball, location: 2F
2-2: Strikes out swinging
Pitching: RHP Pat Hardy
Batting: RHB Scott Wise 0-0: Foul Ball, location: 2F
0-1: Foul Ball, location: 2F
0-2: Foul Ball, location: 2F
0-2: Ball
1-2: Strikes out swinging
Batting: RHB José González 0-0: Ball
1-0: Ball
2-0: SINGLE (Line Drive, 89S)
Batting: SHB Ángel Estrada 0-0: Ball
1-0: Called Strike
1-1: Ball
Wild Pitch!
José González to second
2-1: Swinging Strike
2-2: Foul Ball, location: 2F
2-2: SINGLE (Line Drive, 89S)
José González to third
Runner from 3rd tries for Home, SAFE, no throw
Batting: LHB Walt Brown 0-0: Ball
1-0: Foul Ball, location: 2F
1-1: Fly out, F7 (Flyball, 7)
Top of the 7th over - 1 run(s), 2 hit(s), 0 error(s), 1 left on base; Long Beach 1 - Santa Clarita 2
BOTTOM OF THE 7TH
Santa Clarita Music batting - Pitching for Long Beach KO : RHP Will Robinson
Batting: RHB Rickey Núñez 0-0: Foul Ball, location: 2F
0-1: Ground out 5-3 (Groundball, 56S)
Batting: RHB Juan Morales 0-0: Ball
1-0: Called Strike
1-1: Foul Ball, location: 2F
1-2: Strikes out looking
Batting: LHB Héctor Santos 0-0: Ball
1-0: Fly out, F7 (Flyball, 78S)
Bottom of the 7th over - 0 run(s), 0 hit(s), 0 error(s), 0 left on base; Long Beach 1 - Santa Clarita 2
TOP OF THE 8TH
Long Beach KO batting - Pitching for Santa Clarita Music : RHP Pat Hardy
Pitching: RHP John Gill
Now at 1B: Stan Gómez
Now at 2B: Jesús Morales
Batting: RHB Domynguos Tabucchi 0-0: SINGLE (Groundball, 15S) (infield hit)
Batting: RHB Carlos Sánchez 0-0: Called Strike
0-1: Swinging Strike
0-2: Ball
1-2: Ball
2-2: Grounds into double play, 6-4-3 (Groundball, 6)
Batting: RHB Pedro Lara 0-0: Called Strike
0-1: Ball
1-1: Swinging Strike
1-2: Foul Ball, location: 2F
1-2: Foul Ball, location: 2F
1-2: Strikes out swinging
Top of the 8th over - 0 run(s), 1 hit(s), 0 error(s), 0 left on base; Long Beach 1 - Santa Clarita 2
BOTTOM OF THE 8TH
Santa Clarita Music batting - Pitching for Long Beach KO : RHP Will Robinson
Batting: SHB Mathew Olson 0-0: Ball
1-0: Fly out, F7 (Flyball, 7S)
Batting: RHB António Martínez 0-0: Ball
1-0: Fly out, F9 (Flyball, 9S)
Batting: RHB Justin Geoghegan 0-0: Ball
1-0: SINGLE (Line Drive, 89S)
Batting: SHB Robbie Rhodes 0-0: Fielders Choice at 2nd, 4-6 (Groundball, 4)
Bottom of the 8th over - 0 run(s), 1 hit(s), 0 error(s), 0 left on base; Long Beach 1 - Santa Clarita 2
TOP OF THE 9TH
Long Beach KO batting - Pitching for Santa Clarita Music : RHP John Gill
Pitching: RHP Carlos Ortíz
Batting: LHB Miguel Gálvez 0-0: Swinging Strike
0-1: Called Strike
0-2: Foul Ball, location: 2F
0-2: Foul Ball, location: 2F
0-2: Ball
1-2: Foul Ball, location: 2F
1-2: Foul Ball, location: 2F
1-2: Ball
2-2: Ball
3-2: Ground out U3 (Groundball, 34)
Pinch Hitting: RHB Kenny Pruitt 0-0: Ball
1-0: Ground out 4-3 (Groundball, 34D)
Pinch Hitting: SHB Andrés Hernández 0-0: Foul Ball, location: 2F
0-1: Foul Ball, location: 2F
0-2: Ball
1-2: Strikes out swinging
Top of the 9th over - 0 run(s), 0 hit(s), 0 error(s), 0 left on base; Long Beach 1 - Santa Clarita 2
Thursday, March 30th, 2017 - OOTP Baseball 17.12 Build 75